 Dungeon Crawl Stone Soup version 0.23-a0-607-g760965b753 (webtiles) character file.

142 Adamkad1 the Skirmisher (level 5, -3/28 HPs)
             Began as a Vine Stalker Fighter on Dec 20, 2018.
             Slain by a small abomination (15 damage)
             ... on level 1 of the Abyss.
             The game lasted 00:03:20 (2089 turns).

Adamkad1 the Skirmisher (Vine Stalker Fighter)      Turns: 2089, Time: 00:03:21

Health: -3/28      AC:  6    Str: 18    XL:     5   Next: 24%
Magic:  0/8        EV:  7    Int:  9    God:
Gold:   75         SH:  9    Dex: 14    Spells: 7/7 levels left

rFire    . . .     SeeInvis .   a - +0 war axe
rCold    . . .     Gourm    .   c - +0 shield
rNeg     . . .     Faith    .   b - +0 scale mail
rPois    .         Spirit   +   (no helmet)
rElec    .         Reflect  .   (no cloak)
rCorr    .         Harm     .   (no gloves)
MR       .....                  (no boots)
Stlth    ..........             (no amulet)
HPRegen  0.49/turn              (no ring)
MPRegen  0.11/turn              (no ring)

@: no status effects
A: fangs 2, regeneration 1, magic shield, antimagic bite, no potion heal 3, rot
immunity
a: no special abilities


You were on level 1 of the Abyss.
You were not hungry.

You visited 1 branch of the dungeon, and saw 3 of its levels.
You visited the Abyss 1 time.

You collected 75 gold pieces.

Inventory:

Hand Weapons
 a - a +0 war axe (weapon)
Armour
 b - a +0 scale mail (worn)
 c - a +0 shield (worn)
Scrolls
 e - a scroll of immolation {unknown}
 h - a scroll of enchant armour {unknown}
 i - 3 scrolls of fog {unknown}
 n - a scroll of enchant weapon {unknown}
Potions
 d - a potion of might
 g - a potion of degeneration {unknown}
 j - a potion of curing {unknown}
 l - a potion of magic {unknown}
 m - a potion of ambrosia {unknown}
Comestibles
 f - 5 rations
 k - 2 chunks of flesh


   Skills:
 * Level 3.4 Fighting
 * Level 2.6 Axes
 * Level 3.0 Armour
 * Level 3.3 Shields
 * Level 1.6 Spellcasting


You had 7 spell levels left.
You didn't know any spells.
Your spell library was empty.

Dungeon Overview and Level Annotations

Branches:
Dungeon (3/15)

Altars:
Nemelex Xobeh

Annotations:
D:3 Sigmund


Innate Abilities, Weirdness & Mutations

You have extremely sharp teeth.
Your natural rate of healing is unusually fast.
When hurt, damage is shared between your health and your magic reserves.
Your bite disrupts and absorbs the magic of your enemies.
Potions cannot restore your health.
You are immune to rotting.


Message History

The starspawn tentacle grabs you. The starspawn tentacle constricts you.
You escape the starspawn tentacle's grasp.
A tentacle flies out from the starspawn's body!
You block the small abomination's attack.
A starspawn tentacle comes into view.
The small abomination hits you. The small abomination hits you!
The small abomination hits you but does no damage.
The small abomination closely misses you.
Tentacles burst from the starspawn's body! 2 starspawn tentacles come into view.
The starspawn tentacle grabs you. The starspawn tentacle constricts you.
You escape the starspawn tentacle's grasp.
The small abomination hits you.
Some of the chunks of flesh in your inventory have rotted away.
The small abomination hits you. The small abomination hits you!
The small abomination hits you!
Ouch! That really hurt!
You die...

... #..##
##..##..####
#..........#
#..........#
###..........#
...#........#
#..........#
#....#.....#
#..@x......#
#..........#
#..........#
#..........#
############


You could see a small abomination.

Vanquished Creatures
  Natasha (thrice) (D:2)
  2 adders (D:3)
  A worm (D:2)
  A dart slug (D:2)
  3 leopard geckos
  4 orcs (D:3)
  3 bats
  A giant cockroach (D:1)
  5 goblins
  4 hobgoblins
  4 kobolds
  A ball python (D:1)
  3 frilled lizards (D:1)
  9 rats
44 creatures vanquished.

Vanquished Creatures (others)
  5 starspawn tentacles (Abyss:1)
5 creatures vanquished.

Grand Total: 49 creatures vanquished

Notes
Turn   | Place    | Note
-------+----------+-------------------------------------------
     0 | D:1      | Adamkad1 the Vine Stalker Fighter began the quest for the
                  | Orb.
     0 | D:1      | Reached XP level 1. HP: 11/11 MP: 2/2
   238 | D:1      | Reached XP level 2. HP: 16/16 MP: 3/3
   411 | D:1      | Found a sparkling altar of Nemelex Xobeh.
   783 | D:2      | Reached XP level 3. HP: 19/19 MP: 4/4
   837 | D:2      | Noticed Natasha
   847 | D:2      | Killed Natasha
  1061 | D:2      | Noticed Natasha
  1357 | D:2      | Reached skill level 1 in Spellcasting
  1369 | D:2      | Gained mutation: Your natural rate of healing is unusually
                  | fast. [Vine Stalker growth]
  1369 | D:2      | Reached XP level 4. HP: 11/24 MP: 4/6
  1553 | D:2      | Killed Natasha
  1603 | D:2      | Noticed Natasha
  1614 | D:2      | Killed Natasha
  1864 | D:3      | Reached XP level 5. HP: 28/28 MP: 8/8
  1959 | D:3      | Noticed Sigmund
  1965 | D:3      | Cast into level 1 of the Abyss (Sigmund)
  2039 | Abyss:1  | Noticed a tentacled starspawn
  2052 | Abyss:1  | Noticed a small abomination
  2089 | Abyss:1  | Slain by a small abomination

Vault maps used:
D:1:      tarquinn_simple_flora_water_a, nemelex_diamond_rough_becter
D:2:      serial_bayou, serial_bayou_lake_a, serial_bayou_ford_a,
          serial_bayou_pond_c, serial_bayou_crossing, uniq_natasha
D:3:      minmay_misc_feat_room, uniq_ijyb, uniq_sigmund, uniq_jessica

Skill      XL: |  1  2  3  4 |
---------------+-------------+-----
Axes           | 2 |  2.6
Fighting       | 3 |  3.4
Shields        | 3 |  3.3
Spellcasting   | 1 |  1.6
Armour         | 3 |  3.0

Action                   |  1- 3 |  4- 6 || total
-------------------------+-------+-------++-------
Melee: War axe           |   103 |    43 ||   146
       Bite              |    21 |    12 ||    33
  Eat: Chunk             |     2 |     2 ||     4
Armor: Scale mail        |    64 |     8 ||    72
Dodge: Dodged            |    34 |    15 ||    49
Block: Shield            |    66 |    18 ||    84

Table legend:
 A = Non-vault XP
 B = Vault XP
 C = Vault XP percentage of total XP
 D = Non-vault monster count
 E = Vault monster count
 F = Vault count percentage of total count
                 A         B        C        D         E       F
            +---------+---------+-------+---------+---------+-------
      Total |     168 |      35 |  17.2 |      43 |       1 |   2.3
            +---------+---------+-------+---------+---------+-------
        D:1 |      25 |       0 |   0.0 |      17 |       0 |   0.0
        D:2 |      99 |      35 |  26.1 |      17 |       1 |   5.6
        D:3 |      44 |       0 |   0.0 |       9 |       0 |   0.0
            +---------+---------+-------+---------+---------+-------
